 Dungeon Crawl Stone Soup version 0.28.0-43-g3370ac3207 (webtiles) character file.

Game seed: 2166263682699725674

300 MirrMurr the Poker (level 6, 0/49 HPs)
             Began as a Demonspawn Berserker on Mar 12, 2022.
             Was a Believer of Trog.
             Succumbed to a kobold brigand's poison
             ... in a sewer.
             The game lasted 00:08:45 (3516 turns).

MirrMurr the Poker (Demonspawn Berserker)           Turns: 3516, Time: 00:08:46

Health: 0/49       AC: 11    Str: 24    XL:     6   Next: 13%
Magic:  6/6        EV:  9    Int:  8    God:    Trog [**....]
Gold:   73         SH:  0    Dex: 15    Spells: 5/5 levels left

rFire   . . .      SeeInvis .   a - +0 trident
rCold   . . .      Faith    .   (no shield)
rNeg    . . .      Spirit   .   k - +0 chain mail
rPois   .          Reflect  .   (no helmet)
rElec   .          Harm     .   (no cloak)
rCorr   .          Rampage  .   f - +0 pair of gloves of the Moon Troll {Str+4 Dex+3 Slay+3}
Will    ++...                   (no boots)
Stlth   ..........              (no amulet)
HPRegen 1.16/turn               (no ring)
MPRegen 0.10/turn               (no ring)

@: brilliant, lethally poisoned (0 -> -5), strong-willed, regenerating, very
slow
A: rugged brown scales 1, powered by pain 1, spiny 1
a: Renounce Religion, Berserk, Trog's Hand


You were in a sewer.
You worshipped Trog.
Trog was pleased with you.
You visited 1 branch of the dungeon, and saw 4 of its levels.
You also visited: Sewer.

You collected 73 gold pieces.

Inventory:

Hand Weapons
 a - a +0 trident (weapon)
 b - a +0 hunting sling
Missiles
 e - 93 stones (quivered)
 i - 21 sling bullets
 l - a throwing net
Armour
 f - the +0 pair of gloves of the Moon Troll (worn) {Str+4 Dex+3 Slay+3}
   (You acquired it on level 2 of the Dungeon)

   Str:       It affects your strength (+4).
   Dex:       It affects your dexterity (+3).
   Slay:      It affects your accuracy & damage with ranged weapons and melee
   (+3).
 k - a +0 chain mail (worn)
Scrolls
 c - a scroll of enchant armour
 g - a scroll of blinking
Potions
 d - 3 potions of berserk rage
 h - a potion of ambrosia
 j - a potion of attraction {unknown}
 m - 2 potions of brilliance


   Skills:
 + Level 4.0 Fighting
 * Level 4.4 Polearms
 + Level 3.0 Armour
 + Level 3.0 Dodging


You had 5 spell levels left.
You didn't know any spells.
Your spell library was empty.

Dungeon Overview and Level Annotations

Branches:
Dungeon (4/15)             Temple (0/1) D:4           Sewer (1/1)

Altars:

Shops:
D:3 ?

Annotations:
D:3 2 transporters, weresquid's ghost, amateur DjAE


Innate Abilities, Weirdness & Mutations

You are partially covered in rugged brown scales. (AC +1, +3% HP)
You sometimes gain a little power by taking damage.
You are partially covered in sharp spines.


Message History

The kobold brigand throws a poisoned dart.
The poisoned dart hits you!
You are more poisoned.
You feel very sick.
The kobold brigand throws a poisoned dart.
The poisoned dart hits you.
You are more poisoned.
Unknown command.
Unknown command.
Your skin crawls.
You feel strong-willed.
You feel very sick.
The kobold brigand throws a poisoned dart.
The poisoned dart hits you!
You are more poisoned.
You are too injured to fight recklessly!
You are too injured to fight recklessly!
You are too injured to fight recklessly!
Unknown command.
You feel extremely sick.
The kobold brigand is struck by your spines.
The kobold brigand hits you but does no damage.
You feel very sick.
The kobold throws a stone.
The stone hits you.
* * * LOW HITPOINT WARNING * * *
The kobold brigand throws a poisoned dart.
The poisoned dart hits you!
You are lethally poisoned!
You barely miss the kobold brigand.
The kobold brigand is heavily wounded.
* * * LOW HITPOINT WARNING * * *
You feel very sick.
Your unstable footing causes you to fumble your attack.
* * * LOW HITPOINT WARNING * * *
You feel very sick.
The kobold brigand splashes around in the water.
Unknown command.
It was a potion of brilliance.
You feel clever all of a sudden.
You die...

#≈≈≈# ##≈≈≈## #.≈≈≈.#
#.≈≈≈.### #.≈≈≈..∩#
#≈≈≈≈.### #.≈≈≈.#
##.≈≈≈≈##
###############≈@≈≈h≈.#
≈≈≈≈≈≈≈≈≈≈≈≈≈≈≈≈K≈≈K..#
###############.≈≈≈≈.≈#
#≈.≈≈≈≈.# #≈≈≈≈≈K.#
#.≈≈≈≈≈≈# #≈≈≈≈≈≈≈#
#.≈≈≈≈≈.# #.≈≈≈≈..#


You could see 2 kobold brigands, a jackal and a kobold.

Vanquished Creatures
  An ogre (D:4)
  A phantom (D:4)
  A bullfrog skeleton (D:4)
  3 adders
  An adder skeleton (D:4)
  3 worms
  4 dart slugs
  3 orcs (D:3)
  2 bats
  8 endoplasms
  8 giant cockroaches
  5 goblins
  2 hobgoblins
  5 jackals
  3 kobolds
  2 quokkas
  2 ball pythons
  7 frilled lizards
  8 rats
69 creatures vanquished.

Notes
Turn   | Place    | Note
-------+----------+-------------------------------------------
     0 | D:1      | MirrMurr the Demonspawn Berserker began the quest for the
                  | Orb.
     0 | D:1      | Reached XP level 1. HP: 18/18 MP: 1/1
   350 | D:1      | Gained mutation: You sometimes gain a little power by
                  | taking damage. [demonic ancestry]
   350 | D:1      | Reached XP level 2. HP: 24/24 MP: 2/2
  1227 | D:2      | Identified a scroll of acquirement
  1227 | D:2      | Acquired the +0 pair of gloves of the Moon Troll {Str+4
                  | Dex+3 Slay+3}
  1334 | D:2      | Reached XP level 3. HP: 29/29 MP: 3/3
  1377 | D:2      | Found a faded altar of an unknown god.
  2270 | D:3      | Reached XP level 4. HP: 30/35 MP: 4/4
  2643 | D:3      | Reached ** piety under Trog
  2650 | D:3      | Noticed weresquid's ghost (amateur DjAE)
  2980 | D:3      | Found a transporter.
  2995 | D:3      | Found a transporter.
  3045 | D:3      | Found Vuxiog's Magic Scroll Boutique.
  3226 | D:4      | Noticed a phantom
  3326 | D:4      | Gained mutation: You are partially covered in rugged brown
                  | scales. (AC +1, +3% HP) [demonic ancestry]
  3326 | D:4      | Reached XP level 5. HP: 36/42 MP: 5/5
  3346 | D:4      | Found a glowing drain.
  3353 | D:4      | Noticed an ogre
  3361 | D:4      | Killed a phantom
  3364 | D:4      | Killed an ogre
  3365 | D:4      | Gained mutation: You are partially covered in sharp spines.
                  | [demonic ancestry]
  3365 | D:4      | Reached XP level 6. HP: 37/49 MP: 6/6
  3377 | Sewer    | Entered a sewer
  3515 | Sewer    | HP: 2/49 [poisoned by a kobold brigand]
  3516 | Sewer    | Succumbed to a kobold brigand's poison

Illustrated notes

Levels and vault maps discovered:
D:1:      elethiomel_arrival_shortcut, layout_loops_ring, minmay_cupped
D:2:      layout_loops_ring, basic_ecumenical_altar
D:3:      layout_loops_ring, serial_shops, shop, gammafunk_ghost_stat_death
D:4:      layout_rooms, mainiacjoe_overflow_alcove_4, general_overflow_altar,
          nicolae_ru_awakened_eye, minmay_temple_entry_hall,
          gup_sewer_entry_glass, serial_shops, shop_fountains, feat_on_display
Sewer:    sewer_kobolds

Skill      XL: |  1  2  3  4  5 |
---------------+----------------+-----
Dodging        | 2 3 |  3.0
Polearms       | 3 4 |  4.4
Armour         | 2 3 |  3.0
Fighting       | 4 |  4.0

Action                   |  1- 3 |  4- 6 || total
-------------------------+-------+-------++-------
Melee: Spear             |   102 |    12 ||   114
       Trident           |       |    34 ||    34
       Punch             |       |     2 ||     2
 Fire: Hunting sling     |     4 |    35 ||    39
Throw: Stone             |    28 |       ||    28
Invok: Berserk           |     2 |       ||     2
       Trog's Hand       |       |     1 ||     1
  Use: Scroll            |     6 |     1 ||     7
       Potion            |       |     1 ||     1
Armor: Ring mail         |    23 |       ||    23
       Chain mail        |       |    25 ||    25
Dodge: Dodged            |    33 |    19 ||    52
